 Dungeon Crawl Stone Soup version 0.21.1-1-g345015f (webtiles) character file.

8 Goblin1989 the Charmwright (level 2, 0/22 HPs)
             Began as a Demonspawn Skald on Feb 21, 2018.
             Slain by a hobgoblin
             ... wielding a +0 club
              (5 damage)
             ... on level 1 of the Dungeon.
             The game lasted 00:00:37 (368 turns).

Goblin1989 the Charmwright (Demonspawn Skald)        Turns: 368, Time: 00:00:37

Health: 0/22       AC:  3    Str: 11    XL:     2   Next: 0%
Magic:  5/5        EV: 11    Int: 14    God:
Gold:   17         SH:  0    Dex: 12    Spells: 4/5 levels left

rFire    . . .     SeeInvis .   a - +0 hand axe
rCold    . . .     Gourm    .   (no shield)
rNeg     . . .     Faith    .   b - +0 leather armour
rPois    .         Spirit   .   (no helmet)
rElec    .         Reflect  .   (no cloak)
rCorr    .         Harm     .   (no gloves)
MR       .....                  (no boots)
Stlth    +.........             (no amulet)
HPRegen  0.07/turn              (no ring)
MPRegen  0.09/turn              (no ring)

@: no status effects
A: rot immunity
a: no special abilities


You were on level 1 of the Dungeon.
You were not hungry.

You visited 1 branch of the dungeon, and saw 1 of its levels.

You collected 17 gold pieces.

Inventory:

Hand Weapons
 a - a +0 hand axe (weapon)
Armour
 b - a +0 leather armour (worn)
 j - a +0 ring mail
Scrolls
 g - a scroll of identify {unknown}
Potions
 h - a potion of brilliance {unknown}
 i - a potion of ambrosia {unknown}
 k - a potion of flight {unknown}
Books
 c - a book of Battle

   Spells                             Type                      Level
   a - Infusion                       Charms                       1
   b - Shroud of Golubria             Charms/Translocation         2
   c - Song of Slaying                Charms                       2
   d - Spectral Weapon                Hexes/Charms                 3
   e - Regeneration                   Charms/Necromancy            3
Comestibles
 e - a ration
 f - a chunk of flesh


   Skills:
 - Level 2.0 Fighting
 + Level 2.5 Axes
 - Level 0.8 Armour
 - Level 1.7 Dodging
 - Level 2.0 Spellcasting
 - Level 2.6 Charms


You had 4 spell levels left.
You knew the following spells:

 Your Spells              Type           Power        Failure   Level  Hunger
a - Infusion              Chrm           #...         11%         1    ##.....


Dungeon Overview and Level Annotations

Branches:
Dungeon (1/15)

Altars:


Innate Abilities, Weirdness & Mutations

You are immune to rotting.


Message History

Some of the chunks of flesh in your inventory have rotted away.
Key pressed, stopping explore.
You now have 17 gold pieces.
You open the door.
There is an open door here.
k - a coppery potion Health restored: 16 A hobgoblin comes into view.
It is wielding a club.
The hobgoblin shouts!
You hear a shout!
The hobgoblin hits you with a club.
You take 2 damage, and have 14/16 hp.
You hit the hobgoblin.
The hobgoblin is almost dead.
The hobgoblin hits you with a club.
You take 2 damage, and have 12/16 hp.
You closely miss the hobgoblin.
The hobgoblin is almost dead.
The hobgoblin hits you with a club.
A hobgoblin comes into view. It is wielding a club.
You take 1 damage, and have 11/16 hp.
You closely miss the hobgoblin.
The hobgoblin is almost dead.
The hobgoblin hits you but does no damage.
You hit the hobgoblin but do no damage.
The hobgoblin is almost dead.
The hobgoblin barely misses you.
You hit the hobgoblin but do no damage.
The hobgoblin is almost dead.
The hobgoblin hits you but does no damage.
You slash the hobgoblin!
You kill the hobgoblin!
You have reached level 2!
Your demonic ancestry asserts itself...
You feel immune to rotting.
You regained 5 hp, and now have 16/22 hp.
MP restored: 5 The hobgoblin hits you with a club.
You see here a club.
You take 1 damage, and have 15/22 hp.
You hit the hobgoblin but do no damage.
The hobgoblin hits you but does no damage.
You hit the hobgoblin.
The hobgoblin is lightly wounded.
The hobgoblin misses you.
You hit the hobgoblin.
The hobgoblin is heavily wounded.
The hobgoblin completely misses you.
You hit the hobgoblin but do no damage.
The hobgoblin is heavily wounded.
The hobgoblin barely misses you. The hobgoblin hits you with a club.
You take 4 damage, and have 11/22 hp.
You are too injured to fight recklessly!
You are too injured to fight recklessly!
You are too injured to fight recklessly!
You are too injured to fight recklessly!
You are too injured to fight recklessly!
You are too injured to fight recklessly!
You are too injured to fight recklessly!
You are too injured to fight recklessly!
You are too injured to fight recklessly!
You are too injured to fight recklessly!
You are too injured to fight recklessly!
You are too injured to fight recklessly!
You are too injured to fight recklessly!
You are too injured to fight recklessly!
You are too injured to fight recklessly!
You are too injured to fight recklessly!
You are too injured to fight recklessly!
You hit the hobgoblin but do no damage.
The hobgoblin is heavily wounded.
The hobgoblin hits you but does no damage.
You barely miss the hobgoblin.
The hobgoblin is heavily wounded.
The hobgoblin hits you with a club.
You take 1 damage, and have 11/22 hp.
You hit the hobgoblin but do no damage.
The hobgoblin is heavily wounded.
The hobgoblin hits you with a club.
* * * LOW HITPOINT WARNING * * *
You take 2 damage, and have 9/22 hp.
You barely miss the hobgoblin.
The hobgoblin is heavily wounded.
The hobgoblin hits you with a club.
* * * LOW HITPOINT WARNING * * *
You take 3 damage, and have 6/22 hp.
You barely miss the hobgoblin.
The hobgoblin is heavily wounded.
The hobgoblin misses you.
You closely miss the hobgoblin.
The hobgoblin is heavily wounded.
The hobgoblin hits you with a club.
* * * LOW HITPOINT WARNING * * *
You take 1 damage, and have 5/22 hp.
You hit the hobgoblin but do no damage.
The hobgoblin is heavily wounded.
The hobgoblin closely misses you.
You barely miss the hobgoblin.
The hobgoblin is heavily wounded.
The hobgoblin hits you with a club.
You die...

█....█...█.....█.█.████..
████.██████▲█..█.█.. ..
█......█ █..█..... .█
██████.█ █......... ..
█...█ █.███...██... █.███
█.. █...█ .██ █...█ ██.
█.. ████████.█.█
......g@...█ █
████████.███ .. █... .█
████.█ .. .. █


You could see a hobgoblin.

Vanquished Creatures
  3 goblins (D:1)
  A hobgoblin (D:1)
  A bat (D:1)
  A frilled lizard (D:1)
  A kobold (D:1)
  A rat (D:1)
8 creatures vanquished.

Notes
Turn   | Place    | Note
-------+----------+-------------------------------------------
     0 | D:1      | Goblin1989 the Demonspawn Skald began the quest for the Orb.
     0 | D:1      | Reached XP level 1. HP: 16/16 MP: 3/3
   355 | D:1      | Gained mutation: You are immune to rotting. [demonic ancestry]
   355 | D:1      | Reached XP level 2. HP: 16/22 MP: 5/5
   368 | D:1      | Slain by a hobgoblin

Skill      XL: |  1 |
---------------+----+-----
Axes           | 2 |  2.5
Fighting       | |  2.0
Armour         | |  0.8
Dodging        | |  1.7
Spellcasting   | |  2.0
Charms         | |  2.6

Action                   || total
-------------------------++-------
Melee: Hand axe          ||    35
Armor: Leather armour    ||    13
Dodge: Dodged            ||    19

Vault maps used:
D:1:      tarquinn_simple_flora_water_a, minmay_heptomino_h4
